 Dungeon Crawl Stone Soup version 0.21.1-1-g345015f (webtiles) character file.

153 Iko the Twirler (level 5, -2/53 HPs)
             Began as an Ogre Gladiator on May 3, 2018.
             Was an Initiate of Fedhas.
             Slain by a quokka (5 damage)
             ... on level 6 of the Dungeon.
             The game lasted 00:06:17 (625 turns).

Iko the Twirler (Ogre Gladiator)                     Turns: 625, Time: 00:06:18

Health: -2/53      AC:  4    Str: 18    XL:     5   Next: 35%
Magic:  5/5        EV: 11    Int: 10    God:    Fedhas [......]
Gold:   49         SH:  0    Dex: 10    Spells: 4/4 levels left

rFire    . . .     SeeInvis .   a - +0 quarterstaff
rCold    . . .     Gourm    .   (shield currently unavailable)
rNeg     . . .     Faith    .   i - +1 robe of Tijyoxen {rPois}
rPois    +         Spirit   .   c - +0 hat
rElec    .         Reflect  .   (no cloak)
rCorr    .         Harm     .   (gloves unavailable)
MR       .....                  (boots unavailable)
Stlth    +.........             (no amulet)
HPRegen  0.17/turn              (no ring)
MPRegen  0.09/turn              (no ring)

@: no status effects
A: large, unfitting armour, tough skin 1
a: Fungal Bloom, Renounce Religion


You were on level 6 of the Dungeon.
You worshipped Fedhas.
Fedhas was noncommittal.
You were not hungry.

You visited 1 branch of the dungeon, and saw 6 of its levels.

You collected 49 gold pieces.

Inventory:

Hand Weapons
 a - a +0 quarterstaff (weapon)
Missiles
 d - 3 throwing nets (quivered)
Armour
 c - a +0 hat (worn)
 i - the +1 robe of Tijyoxen (worn) {rPois}
   (You found it on level 4 of the Dungeon)

   It protects you from poison.
Scrolls
 b - a scroll of identify
 e - a scroll of remove curse
 h - a scroll of fear
Potions
 g - a potion of curing
Comestibles
 f - 2 rations


   Skills:
 + Level 3.6 Fighting
 + Level 4.5 Staves
 + Level 2.2 Throwing
 + Level 3.7 Dodging
 + Level 0.3 Stealth


You had 4 spell levels left.
You didn't know any spells.

Dungeon Overview and Level Annotations

Branches:
Dungeon (6/15)
 Temple: D:4-7

Altars:
Fedhas
Gozag

Shops:
D:2 *


Innate Abilities, Weirdness & Mutations

You are too large for most types of armour.
You have tough skin. (AC +1)


Message History

The quokka barely misses you. The quokka closely misses you.
You climb downwards.
Fedhas's fungi set to work.
Fedhas appreciates ongoing decay.
Found a metal-bound book.
Found a stone staircase leading down.
There is a stone staircase leading up here.
You closely miss the quokka. The quokka misses you.
You barely miss the quokka. The quokka bites you.
* * * LOW HITPOINT WARNING * * *
You completely miss the quokka. The quokka bites you.
* * * LOW HITPOINT WARNING * * *
You closely miss the quokka. The quokka bites you.
* * * LOW HITPOINT WARNING * * *
The quokka barely misses you.
You closely miss the quokka. The quokka misses you.
You closely miss the quokka. The quokka barely misses you.
You hit the quokka.
The quokka is heavily wounded.
The quokka bites you.
You die...
Fedhas appreciates your contribution to the ecosystem.

### ..# #.# #.#
#.#####.##
.:......r####..
#..>...@.......
....###..#####.
# #.... #.####
.#. # #


You could see a quokka.

Vanquished Creatures
  A sky beast (D:5)
  A bullfrog skeleton (D:5)
  An adder (D:5)
  A leopard gecko (D:2)
  2 giant cockroaches
  3 goblins
  4 hobgoblins
  A kobold (D:3)
  A quokka (D:2)
  5 bats
  A jackal skeleton (D:5)
21 creatures vanquished.

Notes
Turn   | Place    | Note
-------+----------+-------------------------------------------
     0 | D:1      | Iko the Ogre Gladiator began the quest for the Orb.
     0 | D:1      | Reached XP level 1. HP: 22/22 MP: 1/1
    85 | D:1      | Reached XP level 2. HP: 19/29 MP: 2/2
   231 | D:2      | Found an opulent altar of Gozag.
   231 | D:2      | Found Gozag's Platinum Reserve.
   494 | D:4      | Found a blossoming altar of Fedhas.
   500 | D:4      | Became a worshipper of Fedhas Madash
   528 | D:4      | Got a wizard robe
   539 | D:4      | Identified the +1 robe of Tijyoxen {rPois} (You found it on level 4 of the Dungeon)
   558 | D:5      | Entered Level 5 of the Dungeon
   564 | D:5      | Reached XP level 3. HP: 20/36 MP: 3/3
   586 | D:5      | Reached XP level 4. HP: 19/45 MP: 4/4
   589 | D:5      | Noticed a sky beast
   601 | D:5      | Killed a sky beast
   601 | D:5      | Reached skill level 4 in Staves
   601 | D:5      | Reached XP level 5. HP: 6/53 MP: 5/5
   604 | D:5      | Noticed an ogre
   625 | D:6      | Slain by a quokka

Skill      XL: |  1  2  3  4 |
---------------+-------------+-----
Dodging        | 3 |  3.7
Fighting       | 3 |  3.6
Staves         | 4 |  4.5
Throwing       | |  2.2
Stealth        | |  0.3

Action                   |  1- 3 |  4- 6 || total
-------------------------+-------+-------++-------
Melee: Quarterstaff      |    47 |    18 ||    65
Throw: Throwing net      |     1 |       ||     1
Invok: Fungal Bloom      |     2 |     1 ||     3
  Use: Scroll            |     4 |       ||     4
       Potion            |     3 |       ||     3
Armor: Robe              |    15 |     6 ||    21
Dodge: Dodged            |    34 |    12 ||    46
